 Dungeon Crawl Stone Soup version 0.19-a0-1170-g18f0c96 (webtiles) character file.

3099 hairmachine the Basher (level 9, -2/151 HPs)
             Began as an Ogre Fighter on Aug 16, 2016.
             Was a Believer of Yredelemnul.
             Succumbed to a killer bee's poison
             ... on level 9 of the Dungeon.
             The game lasted 00:21:30 (8155 turns).

hairmachine the Basher (Ogre Fighter)               Turns: 8155, Time: 00:21:31

Health: -2/151     AC: 24    Str: 23      XL:     9   Next: 90%
Magic:  9/9        EV:  1    Int:  6 (7)  God:    Yredelemnul [**....]
Gold:   569        SH: 11    Dex: 11 (12) Spells: 0 memorised, 8 levels left

rFire  + + .     SeeInvis .     w - +4 morningstar
rCold  + . .     Gourm    .     (armour currently unavailable)
rNeg   + + +     Faith    .     c - +0 shield
rPois  +         Spirit   .     (helmet currently unavailable)
rElec  +         Dismiss  .     (cloak currently unavailable)
rCorr  +         Reflect  .     (gloves unavailable)
MR     .....     Harm     .     (boots unavailable)
Stlth  +......... NoTele   +    (no amulet)
                                s - ring of protection from fire
                                (no ring)

@: lethally poisoned (-2 -> -22), exhausted, tree-form, resistant, slowed,
invisible, very slow
A: unfitting armour, (tough skin 0)
a: Animate Remains, Recall Undead Slaves, Injury Mirror, Renounce Religion


You were on level 9 of the Dungeon.
You worshipped Yredelemnul.
Yredelemnul was pleased with you.
You were hungry.
You were a tree.
You visited 2 branches of the dungeon, and saw 10 of its levels.

You collected 569 gold pieces.

Inventory:

Hand Weapons
 w - a +4 morningstar (weapon)
Armour
 c - a +0 shield (worn)
 y - a +0 cloak (melded)
 F - a troll hide (melded)
Jewellery
 m - an uncursed ring of ice
 s - a ring of protection from fire (right branch)
 z - an uncursed ring of protection from magic {unknown}
Scrolls
 a - a scroll of enchant armour {unknown}
 i - a scroll of fog
 j - 4 scrolls of remove curse
 l - 4 scrolls of identify
 o - 4 scrolls of teleportation
 B - a scroll of magic mapping
Potions
 e - a potion of flight
 r - a potion of cure mutation
Books
 p - a book of Minor Magic

   Spells                             Type                      Level
   a - Magic Dart                     Conjuration                  1
   b - Blink                          Translocation                2
   c - Call Imp                       Summoning                    2
   d - Repel Missiles                 Charms/Air                   2
   e - Slow                           Hexes                        2
   f - Conjure Flame                  Conjuration/Fire             3
   g - Mephitic Cloud                 Conjuration/Poison/Air       3
Comestibles
 b - 2 slices of pizza
 f - 9 bread rations
 g - 8 meat rations
 h - 9 chunks of flesh
 n - 2 beef jerkies


   Skills:
 + Level 9.7 Fighting
 + Level 11.0 Maces & Flails
 - Level 2.6 Dodging
 + Level 8.0 Shields


You had 8 spell levels left.
You didn't know any spells.

Dungeon Overview and Level Annotations

Branches:
Dungeon (9/15)             Temple (1/1) D:6            Lair (0/6) D:9
    Orc: D:9-12

Altars:
Ashenzari
Dithmenos
Elyvilon
Fedhas
Gozag
Hepliaklqana
Kikubaaqudgha
Makhleb
Okawaru
Pakellas
Qazlal
Ru
Sif Muna
Trog
Uskayaw
Vehumet
Xom
Yredelemnul
Zin
The Shining One


Innate Abilities, Weirdness & Mutations

You are too large for most types of armour.
((You have tough skin. (AC +1)))


Message History

* * * LOW HITPOINT WARNING * * *
You feel sick.
The killer bee stings you but does no damage. x2
You block the killer bee's attack.
You bludgeon the killer bee!!
You kill the killer bee!
Yredelemnul accepts your kill.
Your Maces & Flails skill increases to level 11!
You are no longer berserk.
You are exhausted.
You feel yourself slow down.
You are feeling hungry.
* * * LOW HITPOINT WARNING * * *
You feel sick.
The killer bee stings you but does no damage.
You block the killer bee's attack. The killer bee barely misses you.
It was a potion of invisibility.
You fade into invisibility!
You die...
Your body rises from the dead as a mindless zombie.

+........#.# ###.
########.#.######...#
#..).........
#..#..##..#
#..#.)....#
##.##†...## #.##....#
. #..##.(## ..#
#♣†##..# ?...
#yy.#### .>... #H..##
......#### ##.#..#
....H.H.y###.....#
......##y.##)...##
..... ##......)# ....
####..)## ### #...#


You could see a hippogriff and 2 killer bees.

Vanquished Creatures
  A hippogriff (D:9)
  A water moccasin (D:7)
  2 orc warriors
  2 ogres
  An ice beast (D:6)
  A black bear (D:6)
  A necrophage (D:7)
  A sky beast (D:6)
  3 phantoms
  A wasp (D:9)
  A centaur (D:6)
  A big kobold (D:9)
  3 giant frogs
  A gnoll sergeant (Temple)
  A water moccasin zombie (D:8)
  4 killer bees (D:9)
  A howler monkey (D:8)
  A giant frog zombie (D:7)
  A wasp zombie (D:6)
  2 crimson imps (D:6)
  3 hounds
  A centaur skeleton (D:4)
  4 orc priests
  2 giant frog skeletons (D:8)
  A jelly (D:8)
  3 iguanas
  10 orc wizards
  2 worker ants
  A hound zombie (D:5)
  A howler monkey zombie (D:4)
  Robin (D:3)
  7 adders
  3 gnolls
  A howler monkey skeleton (D:6)
  A shadow imp (D:8)
  3 adder skeletons
  A worm (D:4)
  A dart slug (D:1)
  A giant gecko (D:6)
  26 orcs
  8 bats
  4 giant cockroaches
  10 goblins
  5 hobgoblins
  7 jackals
  6 kobolds
  3 quokkas
  A ball python (D:1)
  A giant gecko skeleton (D:4)
  6 giant newts
  A jackal skeleton (D:6)
  A quokka zombie (D:5)
  4 rats
160 creatures vanquished.

Vanquished Creatures (others)
  A howler monkey zombie (D:8)
  A quokka (D:7)
  An orc zombie (D:7)
3 creatures vanquished.

Grand Total: 163 creatures vanquished

Notes
Turn   | Place    | Note
-------+----------+-------------------------------------------
     0 | D:1      | hairmachine the Ogre Fighter began the quest for the Orb.
     0 | D:1      | Reached XP level 1. HP: 24/24 MP: 1/1
   285 | D:1      | Reached skill level 3 in Maces & Flails
   683 | D:1      | Reached XP level 2. HP: 32/32 MP: 2/2
  1240 | D:2      | Reached XP level 3. HP: 29/39 MP: 3/3
  1694 | D:2      | Found a bloodstained altar of Trog.
  1761 | D:2      | Reached skill level 4 in Maces & Flails
  1832 | D:2      | Found a sacrificial altar of Ru.
  2238 | D:3      | Reached XP level 4. HP: 22/48 MP: 4/4
  2241 | D:3      | Reached skill level 5 in Maces & Flails
  2241 | D:3      | Reached XP level 5. HP: 26/54 MP: 5/5
  2556 | D:3      | Noticed Robin
  2573 | D:3      | Killed Robin
  3630 | D:4      | Reached XP level 6. HP: 59/62 MP: 6/6
  3690 | D:4      | Found a white marble altar of Elyvilon.
  3796 | D:4      | Reached skill level 6 in Maces & Flails
  3804 | D:4      | Reached skill level 5 in Shields
  4267 | D:4      | Reached XP level 7. HP: 71/71 MP: 7/7
  4275 | D:4      | Reached skill level 7 in Maces & Flails
  4487 | D:5      | Entered Level 5 of the Dungeon
  4934 | D:5      | Noticed a hand axe
  4935 | D:5      | Noticed a hand axe
  4938 | D:5      | Found a hide-covered altar of Uskayaw.
  5032 | D:5      | Reached skill level 5 in Fighting
  5314 | D:6      | Reached XP level 8. HP: 83/83 MP: 8/8
  5324 | D:6      | Found a staircase to the Ecumenical Temple.
  5332 | D:6      | Reached skill level 8 in Maces & Flails
  5338 | Temple   | Entered the Ecumenical Temple
  5369 | Temple   | Became a worshipper of Yredelemnul the Dark
  5420 | D:6      | Noticed a water elemental
  5429 | D:6      | Found a stormy altar of Qazlal.
  5430 | D:6      | Noticed an air elemental
  5458 | D:6      | Found a deep blue altar of Sif Muna.
  6153 | D:6      | Reached skill level 9 in Maces & Flails
  6585 | D:7      | Reached XP level 9. HP: 70/94 MP: 9/9
  6660 | D:7      | Reached * piety under Yredelemnul
  6811 | D:7      | Gained mutation: You are resistant to hostile enchantments. (MR+) [potion of mutation]
  6811 | D:7      | Gained mutation: Your spells are a little easier to cast, but a little less powerful. [potion of mutation]
  6811 | D:7      | Gained mutation: You are occasionally teleported next to monsters. [potion of mutation]
  6933 | D:7      | Found a shadowy altar of Dithmenos.
  6949 | D:7      | Reached skill level 10 in Maces & Flails
  6976 | D:7      | Noticed a troll
  7003 | D:7      | Found a shimmering altar of Xom.
  7689 | D:8      | Found an opulent altar of Gozag.
  7755 | D:8      | Found a shattered altar of Ashenzari.
  7971 | D:9      | Paralysed by a wasp for 1 turns
  8086 | D:9      | Reached ** piety under Yredelemnul
  8116 | D:9      | Found a staircase to the Lair.
  8142 | D:9      | Lost mutation: You are resistant to hostile enchantments. (MR+) [potion of cure mutation]
  8142 | D:9      | Lost mutation: You are occasionally teleported next to monsters. [potion of cure mutation]
  8142 | D:9      | Lost mutation: Your spells are a little easier to cast, but a little less powerful. [potion of cure mutation]
  8149 | D:9      | HP: 10/225 [poisoned by a killer bee]
  8152 | D:9      | HP: 4/226 [poisoned by a killer bee]
  8154 | D:9      | Reached skill level 11 in Maces & Flails
  8155 | D:9      | Succumbed to a killer bee's poison

Vault maps used:
D:1:      dpeg_arrival_leaves_temple_mockup
D:2:      kennysheep_big_flooded_room, marbit_many_paths,
          nicolae_ru_awakened_eye, corner_web_ring, kennysheep_small_spiral,
          kennysheep_crisscross
D:3:      uniq_jessica, uniq_robin
D:4:      kennysheep_mini_moat, first_bread
D:5:      dancing_weapons_uskayaw
D:6:      overflow_temple_1_default, nicolae_qazlal_style_of_elements
D:7:      nicolae_dithmenos_shadow_blocks, the_bakery, xom_confusion_cloud
D:8:      ashenzari_conservatory_becter, lemuel_crystal_altar
D:9:      gammafunk_temple_overflow_pools, lair_0_dummy, minmay_misc_feat_x
Temple:   minmay_temple_bridge_abc

Skill      XL: |  1  2  3  4  5  6  7  8  9 |
---------------+----------------------------+-----
Maces & Flails | 3 4 5 6 7 9 11 | 11.0
Shields        | 3 4 5 6 8 |  8.0
Fighting       | 5 7 9 |  9.7
Dodging        | |  2.6

Action                   |  1- 3 |  4- 6 |  7- 9 || total
-------------------------+-------+-------+-------++-------
Melee: Flail             |   126 |    18 |       ||   144
       Morningstar       |       |   112 |   360 ||   472
Invok: Animate Remains   |       |       |     2 ||     2
  Use: Scroll            |     3 |     8 |     7 ||    18
       Potion            |     1 |       |    21 ||    22
 Stab: Sleeping          |     1 |     1 |       ||     2
       Distracted        |       |       |     1 ||     1
  Eat: Chunk             |     4 |     7 |    12 ||    23
       Beef jerky        |       |       |     1 ||     1
Armor: Robe              |    36 |    27 |       ||    63
       Troll hide        |       |       |    51 ||    51
       Skin              |       |       |    47 ||    47
Dodge: Dodged            |    43 |    45 |   128 ||   216
Block: Shield            |    56 |    58 |   180 ||   294
